 Dungeon Crawl Stone Soup version 0.25.1-2-g60ff931df9 (webtiles) character file.

Game seed: 3026159452487246050

29624 gruber the Blocker (level 13, -22/116 HPs)
             Began as a Minotaur Fighter on Dec 3, 2020.
             Was a High Priest of Okawaru.
             Annihilated by a death yak (40 damage)
             ... on level 5 of the Lair of Beasts.
             The game lasted 00:22:16 (19669 turns).

gruber the Blocker (Minotaur Fighter)              Turns: 19669, Time: 00:22:17

Health: -22/116    AC: 24    Str: 37    XL:     13   Next: 16%
Magic:  12/12      EV: 17    Int:  9    God:    Okawaru [*****.]
Gold:   412        SH:  0    Dex: 11    Spells: 12/12 levels left

rFire    . . .     SeeInvis +   S - +6 hunting sling "Roekext" {venom, *Slow rPois Str+6}
rCold    . . .     Gourm    .   c - +0 kite shield
rNeg     . . .     Faith    .   M - +7 chain mail of Crawling {Int+4}
rPois    +         Spirit   .   Q - +2 hat {SInv}
rElec    .         Reflect  .   (no cloak)
rCorr    .         Harm     .   P - +0 pair of gloves
MR       .....                  u - +0 pair of boots
Stlth    ..........             (no amulet)
HPRegen  0.29/turn              V - +6 ring of strength
MPRegen  0.13/turn              z - +4 ring of evasion

@: sleeping
A: retaliatory headbutt, horns 2
a: Heroism, Finesse, Renounce Religion


You were on level 5 of the Lair of Beasts.
You worshipped Okawaru.
Okawaru was extremely pleased with you.
You were not hungry.

You visited 3 branches of the dungeon, and saw 17 of its levels.
You also visited: Gauntlet.

You collected 716 gold pieces.
You spent 304 gold pieces at shops.

Inventory:

Hand Weapons
 O - the +1 mace "Grim Tooth" {vorpal, MR+}
   (You found it on level 3 of the Lair of Beasts)

   It inflicts extra damage upon your enemies.
   It affects your resistance to hostile enchantments.
 S - the +6 hunting sling "Roekext" (weapon) {venom, *Slow rPois Str+6}
   (You took it off a minotaur in a Gauntlet)

   It poisons the ammo it fires.
   It affects your strength (+6).
   It protects you from poison.
   It may slow you when you take damage.
Missiles
 i - 227 sling bullets
 m - 2 throwing nets
 U - 18 silver javelins
 Y - 306 stones (quivered)
Armour
 c - a +0 kite shield (worn)
 u - a +0 pair of boots (worn)
 M - the +7 chain mail of Crawling (worn) {Int+4}
   (You bought it in a shop on level 10 of the Dungeon)

   It affects your intelligence (+4).
 P - a +0 pair of gloves (worn)
 Q - a +2 hat of see invisible (worn)
Jewellery
 b - an uncursed ring of ice
 r - an uncursed ring of resist corrosion
 z - a +4 ring of evasion (right hand)
 C - an uncursed ring of protection from magic
 V - a +6 ring of strength (left hand)
Wands
 e - a wand of disintegration (15)
 v - a wand of acid (6)
 y - a wand of digging (5)
 G - a wand of flame (10)
 K - a wand of polymorph (17)
 L - a wand of iceblast (13)
 T - a wand of enslavement (8)
 W - a wand of paralysis (12)
Scrolls
 g - 3 scrolls of remove curse
 h - 3 scrolls of amnesia {unknown}
 j - 5 scrolls of magic mapping {unknown}
 k - a scroll of noise {unknown}
 l - 4 scrolls of immolation {unknown}
 p - 4 scrolls of enchant weapon {unknown}
 s - 10 scrolls of enchant armour {unknown}
 w - 2 scrolls of blinking {unknown}
 B - a scroll of brand weapon {unknown}
 E - a scroll of holy word {unknown}
 F - a scroll of summoning {unknown}
 H - a scroll of silence {unknown}
 I - 2 scrolls of teleportation {unknown}
 R - 3 scrolls of fog {unknown}
 X - a scroll of vulnerability {unknown}
Potions
 a - a potion of berserk rage
 d - 3 potions of might
 n - 2 potions of flight
 o - 3 potions of stabbing
 q - 5 potions of curing
 t - 6 potions of mutation
 x - 2 potions of lignification
 A - a potion of cancellation
 Z - 2 potions of heal wounds
Miscellaneous
 N - a phantom mirror
Comestibles
 f - 19 rations


   Skills:
 - Level 11.3 Fighting
 - Level 9.0 Maces & Flails
 - Level 9.1 Slings
 * Level 13.0 Armour
 - Level 8.3 Dodging
 - Level 14.0 Shields


You had 12 spell levels left.
You didn't know any spells.
Your spell library contained the following spells:

 Spells                   Type           Power        Failure   Level  Hunger
 Beastly Appendage        Tmut           #.....       78%         1    ##.....
 Foxfire                  Conj/Fire      #...         78%         1    ##.....
 Sticks to Snakes         Tmut           #.......     89%         2    ###....
 Confusing Touch          Hex            #.......     98%         3    ####...
 Conjure Flame            Conj/Fire      #.......     98%         3    ####...
 Gell's Gravitas          Tloc           #.........   98%         3    ####...
 Inner Flame              Hex/Fire       #.......     98%         3    ####...
 Spider Form              Tmut/Pois      #.........   98%         3    ####...
 Ice Form                 Ice/Tmut       #.......     100%        4    #####..
 Petrify                  Tmut/Erth      #.......     100%        4    #####..
 Sticky Flame             Conj/Fire      #.......     100%        4    #####..
 Blade Hands              Tmut           #.........   100%        5    ######.
 Fireball                 Conj/Fire      #.........   100%        5    ######.
 Metabolic Englaciation   Hex/Ice        #.........   100%        5    ######.
 Yara's Violent Unravell  Hex/Tmut       #.........   100%        5    ######.


Dungeon Overview and Level Annotations

Branches:
Dungeon (11/15)            Temple (1/1) D:4            Lair (5/6) D:9
  Swamp (0/4) Lair:3       Spider (0/4) Lair:3      Gauntlet (visited)
  Slime: Lair:5-6       Orc: D:9-12

Altars:
Ashenzari
Cheibriados
Dithmenos
Elyvilon
Fedhas
Gozag
Hepliaklqana
Kikubaaqudgha
Makhleb
Nemelex Xobeh
Okawaru
Qazlal
Ru
Sif Muna
Trog
Uskayaw
Vehumet
Wu Jian
Xom
Yredelemnul
Zin
The Shining One

Shops:
D:7 }   D:10 [=(%*


Innate Abilities, Weirdness & Mutations

You reflexively headbutt those who attack you in melee.
You have a pair of horns on your head.


Message History

Press: ? - help, Shift-Dir - straight line, f/p - dream sheep
Aim: a dream sheep You shoot a stone.
The stone hits the death yak!
The death yak looks as sick as possible!
The death yak is moderately wounded.
You block the death yak's attack.
Firing (i - inventory. (/) - cycle)
Y - 307 stones (quivered)
Press: ? - help, Shift-Dir - straight line, f/p - dream sheep
Aim: a dream sheep You shoot a stone.
The stone hits the death yak but does no damage.
The death yak looks as sick as possible!
The death yak is moderately wounded.
The death yak barely misses you.
Unknown command.
Unknown command.
The dream sheep shake their wool and sparkle.
You feel drowsy...
You fall asleep.
The death yak gores you!!!
You die...

.(..... ..(⌠...
....... .#...YY
#....YY##
.##.##.###+##
#.......Y#...##
........#.....#
.........⌠Y@.⌠#
...!....#......#
........#..⌠.###
.........#..##
............#
...........#
..........P
.........


You could see 3 death yaks and 2 dream sheep.

Vanquished Creatures
  A minotaur (Gauntlet)
  4 hydras
  Erica (D:11)
  A two-headed ogre (D:10)
  2 death yaks (Lair:5)
  A wizard (D:8)
  4 elephants (Lair:2)
  A rust devil (Gauntlet)
  5 spiny frogs
  8 komodo dragons
  3 jumping spiders (Lair:3)
  Grinder (D:4)
  7 hippogriffs
  A bog body (Lair:3)
  3 dream sheep (Lair:5)
  2 shadows (Gauntlet)
  2 basilisks
  A redback (Lair:3)
  A ynoxinul (Gauntlet)
  24 yaks
  A hungry ghost (D:10)
  3 swamp worms
  Edmund (D:4)
  7 water moccasins
  12 porcupines
  3 orc warriors
  5 ice beasts
  A hornet zombie (D:9)
  2 necrophages
  7 ogres
  3 phantoms
  5 centaurs
  15 wolves
  12 crocodiles
  A big kobold (D:7)
  11 bullfrogs
  6 scorpions
  14 killer bees
  An electric eel (Lair:3)
  3 howler monkeys
  4 crimson imps
  A bullfrog zombie (D:10)
  5 hounds
  A centaur skeleton (D:7)
  9 orc priests
  4 jellies
  6 orc wizards
  2 iron imps (Gauntlet)
  Terence (D:2)
  5 iguanas
  Natasha (thrice) (D:2)
  5 hell rats
  13 worker ants
  A killer bee zombie (D:7)
  2 hound zombies
  2 hound skeletons (D:7)
  A worker ant zombie (D:7)
  5 gnolls
  15 adders
  4 shadow imps
  6 oozes
  An adder zombie (D:9)
  A worm (D:3)
  5 dart slugs
  2 leopard geckos
  37 orcs
  5 bats
  12 giant cockroaches
  6 goblins
  7 hobgoblins
  5 jackals (D:1)
  5 quokkas
  A ball python (D:4)
  5 frilled lizards
  9 kobolds
  A leopard gecko skeleton (D:4)
  2 quokka skeletons
  8 rats
  A fungus (Lair:3)
  A plant (Lair:2)
395 creatures vanquished.

Vanquished Creatures (others)
  2 plants (Lair:4)
2 creatures vanquished.

Grand Total: 397 creatures vanquished

Notes
Turn   | Place    | Note
-------+----------+-------------------------------------------
     0 | D:1      | gruber the Minotaur Fighter began the quest for the Orb.
     0 | D:1      | Reached XP level 1. HP: 19/19 MP: 0/0
   239 | D:1      | Reached XP level 2. HP: 21/26 MP: 1/1
   811 | D:1      | Reached XP level 3. HP: 31/31 MP: 2/2
  1615 | D:1      | Reached skill level 5 in Maces & Flails
  1687 | D:2      | Reached XP level 4. HP: 37/39 MP: 3/3
  1916 | D:2      | Noticed Natasha
  1924 | D:2      | Killed Natasha
  2000 | D:2      | Noticed Natasha
  2009 | D:2      | Killed Natasha
  2009 | D:2      | Reached XP level 5. HP: 29/45 MP: 4/4
  2020 | D:2      | Noticed Natasha
  2035 | D:2      | Killed Natasha
  2170 | D:2      | Noticed Terence
  2180 | D:2      | Killed Terence
  2458 | D:3      | Noticed a hippogriff
  2464 | D:3      | Killed a hippogriff
  2464 | D:3      | Reached XP level 6. HP: 43/51 MP: 5/5
  3178 | D:4      | Found an iron altar of Okawaru.
  3184 | D:4      | Noticed Grinder
  3187 | D:4      | Paralysed by Grinder for 2 turns
  3193 | D:4      | Reached XP level 7. HP: 54/57 MP: 6/6
  3204 | D:4      | Killed Grinder
  3512 | D:4      | Found a staircase to the Ecumenical Temple.
  3533 | D:4      | Reached XP level 8. HP: 23/64 MP: 7/7
  3551 | D:4      | Reached skill level 4 in Shields
  3558 | Temple   | Entered the Ecumenical Temple
  3794 | Temple   | Became a worshipper of Warmaster Okawaru
  3911 | D:4      | Found an ornate altar of the Wu Jian Council.
  4149 | D:4      | Noticed Edmund
  4159 | D:4      | Killed Edmund
  4159 | D:4      | Reached skill level 5 in Shields
  4371 | D:5      | Entered Level 5 of the Dungeon
  4447 | D:5      | Reached skill level 6 in Shields
  4679 | D:5      | Reached skill level 7 in Shields
  5003 | D:5      | Reached skill level 8 in Shields
  5375 | D:5      | Reached * piety under Okawaru
  5375 | D:5      | Reached skill level 9 in Shields
  5387 | D:5      | You fall into a shaft and drop 3 floors!
  5464 | D:8      | Reached XP level 9. HP: 46/72 MP: 8/8
  5465 | D:8      | Reached skill level 5 in Fighting
  5773 | D:8      | Noticed a wizard
  5778 | D:8      | Paralysed by a wizard for 7 turns
  5799 | D:8      | Killed a wizard
  6091 | D:8      | Reached ** piety under Okawaru
  6424 | D:7      | Reached skill level 10 in Fighting
  7167 | D:6      | Reached *** piety under Okawaru
  7167 | D:6      | Reached XP level 10. HP: 92/94 MP: 9/9
  7817 | D:6      | Found a sacrificial altar of Ru.
  8346 | D:7      | Found Erinaliss's Gadget Shop.
  8568 | D:7      | Reached skill level 1 in Dodging
  9580 | D:7      | Reached **** piety under Okawaru
  9884 | D:9      | Reached skill level 10 in Armour
 10200 | D:9      | Found a staircase to the Lair.
 10473 | D:10     | Entered Level 10 of the Dungeon
 10882 | D:10     | Received a gift from Okawaru
 10921 | D:10     | Found Suffog's Weapon Emporium.
 11040 | D:10     | Found Ekluaghy's Antique Armour Boutique.
 11053 | D:10     | Bought a polished chain mail for 304 gold pieces
 11054 | D:10     | Identified the +7 chain mail of Crawling {Int+4} (You
                  | bought it in a shop on level 10 of the Dungeon)
 11157 | D:10     | Found Naetusch's Food Emporium.
 11174 | D:10     | Found Ipti's Jewellery Emporium.
 11210 | D:10     | Found Ezui's Assorted Antiques.
 11327 | D:10     | Noticed a two-headed ogre
 11362 | D:10     | Killed a two-headed ogre
 11362 | D:10     | Reached XP level 11. HP: 61/102 MP: 10/10
 11672 | D:11     | Reached ***** piety under Okawaru
 11686 | D:11     | Reached skill level 5 in Dodging
 11698 | D:11     | Got a polished trident
 11699 | D:11     | Identified the +7 trident of the Realm of Zot {flame, rC+
                  | rN+++ Int-4 SInv} (You found it on level 11 of the Dungeon)
 11712 | D:11     | Noticed Erica
 11729 | D:11     | Killed Erica
 11748 | D:11     | Found an opulent altar of Gozag.
 11810 | D:11     | Found a gate leading to a gauntlet.
 11818 | Gauntlet | Entered a Gauntlet
 11818 | Gauntlet | Found a transporter.
 11921 | Gauntlet | Found a transporter.
 11923 | Gauntlet | Found a transporter.
 11928 | Gauntlet | Found a runed translucent door.
 11929 | Gauntlet | Found a runed translucent door.
 11932 | Gauntlet | Found a transporter.
 11934 | Gauntlet | Found a transporter.
 11942 | Gauntlet | Noticed an obsidian statue
 11944 | Gauntlet | Found a transporter.
 11959 | Gauntlet | Noticed a dire elephant
 11961 | Gauntlet | Found a runed translucent gate.
 11962 | Gauntlet | Found a transporter.
 11962 | Gauntlet | Found a runed translucent gate.
 11963 | Gauntlet | Found a runed translucent gate.
 11970 | Gauntlet | Found a runed translucent door.
 11973 | Gauntlet | Found a transporter.
 11980 | Gauntlet | Noticed a wretched star
 11983 | Gauntlet | Found a transporter.
 11987 | Gauntlet | Noticed a cacodemon
 11997 | Gauntlet | Found a transporter.
 12010 | Gauntlet | Found a runed translucent door.
 12011 | Gauntlet | Found a transporter.
 12011 | Gauntlet | Found a transporter.
 12012 | Gauntlet | Found a runed translucent door.
 12053 | Gauntlet | Found a transporter.
 12067 | Gauntlet | Found a transporter.
 12096 | Gauntlet | Noticed an orb spider
 12145 | Gauntlet | Noticed a harpy
 12145 | Gauntlet | a basilisk changed into a harpy
 12361 | Gauntlet | Noticed a soul eater
 12619 | Gauntlet | Identified the +6 hunting sling "Roekext" {venom, *Slow
                  | rPois Str+6}
 12619 | Gauntlet | Noticed a minotaur
 12666 | Gauntlet | HP: 1/102 [minotaur/+3 war axe of electrocution (10)]
 12673 | Gauntlet | Killed a minotaur
 14484 | Lair:1   | Entered Level 1 of the Lair of Beasts
 14541 | Lair:1   | Reached skill level 1 in Slings
 14941 | Lair:1   | Received a gift from Okawaru
 14941 | Lair:1   | Reached skill level 5 in Slings
 15453 | Lair:2   | Received a gift from Okawaru
 16301 | Lair:2   | Reached XP level 12. HP: 96/110 MP: 11/11
 16644 | Lair:2   | Noticed a five-headed hydra
 16658 | Lair:2   | Killed a five-headed hydra
 16908 | Lair:2   | Reached skill level 10 in Shields
 17288 | Lair:2   | Received a gift from Okawaru
 17444 | Lair:2   | Reached skill level 11 in Shields
 17627 | Lair:3   | Reached skill level 12 in Shields
 17879 | Lair:3   | Received a gift from Okawaru
 17895 | Lair:3   | Got a faintly glowing mace
 17900 | Lair:3   | Identified the +1 mace "Grim Tooth" {vorpal, MR+} (You
                  | found it on level 3 of the Lair of Beasts)
 18262 | Lair:3   | Found a hole to the Spider Nest.
 18314 | Lair:3   | Found a staircase to the Swamp.
 18401 | Lair:4   | Noticed an eight-headed hydra
 18410 | Lair:4   | Killed an eight-headed hydra
 18410 | Lair:4   | Reached skill level 13 in Shields
 18738 | Lair:4   | Noticed a six-headed hydra
 18747 | Lair:4   | Killed a six-headed hydra
 18796 | Lair:4   | Reached skill level 14 in Shields
 18808 | Lair:4   | Reached XP level 13. HP: 116/116 MP: 12/12
 18877 | Lair:4   | Received a gift from Okawaru
 19669 | Lair:5   | Annihilated by a death yak

Illustrated notes

Levels and vault maps discovered:
D:1:      roderic_octagonal_star, layout_basic, serial_corexii_hall,
          corexii_hall_statues_l, corexii_hall_statues_i,
          chequers_hall_statues_corner_a, chequers_hall_statues_y
D:2:      layout_rooms, first_ration, minmay_misc_feat_secret_circle,
          chequers_serial_rivers_large_a, uniq_natasha, uniq_terence
D:3:      layout_loops_cross, kennysheep_generic_room_15
D:4:      layout_rooms, lemuel_doored_altar, minmay_temple_entry_slanted,
          okawaru_altar_gauntlet_db, uniq_edmund, uniq_grinder
D:5:      layout_basic
D:6:      layout_rooms, serial_corexii_hall, corexii_hall_statues_l,
          corexii_hall_statues_x, st_stairs_12, nicolae_ru_path_of_blood
D:7:      layout_gridville, serial_shops, shop
D:8:      cheibrodos_wizards_tower, layout_gridville
D:9:      layout_basic, david_lair_generic
D:10:     layout_gridville, serial_shops, nicolae_shop_statue_plus,
          kennysheep_mini_moat, nicolae_shop_crystal, shop,
          nicolae_shop_overgrown_old_shop, hangedman_little_slice_of_home
D:11:     layout_loops_ring, gauntlet_entry_generic, david_defended_altar_elf,
          uniq_erica
Temple:   compressed_dpeg_triangle_lava_temple
Lair:1:   layout_cave_pods
Lair:2:   layout_gridlike, beast_lair_carwin_10
Lair:3:   layout_gridlike, nicolae_swamp_entry_splash_gauntlet,
          spider_nest_entry_funnel_web
Lair:4:   layout_regular_city, grunt_megastairs_4
Lair:5:   layout_cave_pods, serial_bayou_shore_b, grunt_megastairs_1,
          uniq_rupert

Skill      XL: |  1  2  3  4  5  6  7  8  9 10 11 12 13 |
---------------+----------------------------------------+-----
Maces & Flails | 3 4 5 6 8 9 |  9.0
Armour         | 4 8 12 13 | 13.0
Shields        | 9 14 | 14.0
Fighting       | 4 10 11 | 11.3
Dodging        | 4 8 |  8.3
Slings         | 7 9 |  9.1

Action                   |  1- 3 |  4- 6 |  7- 9 | 10-12 | 13-15 || total
-------------------------+-------+-------+-------+-------+-------++-------
Melee: Flail             |    79 |   121 |   388 |   458 |       ||  1046
       Headbutt          |    10 |    20 |    83 |   106 |       ||   219
 Fire: Hunting sling     |       |       |       |   444 |    50 ||   494
Throw: Javelin           |       |     2 |     1 |       |       ||     3
Invok: Heroism           |       |       |       |     8 |     1 ||     9
       Finesse           |       |       |       |     2 |       ||     2
  Use: Scroll            |       |       |       |    11 |       ||    11
       Potion            |       |       |       |     5 |       ||     5
  Eat: Chunk             |     2 |     5 |    13 |    28 |       ||    48
       Ration            |       |       |       |     3 |     1 ||     4
Armor: Scale mail        |    32 |    57 |   160 |   165 |       ||   414
       Chain mail        |       |       |       |    84 |    15 ||    99
Dodge: Dodged            |    23 |    42 |    90 |   307 |    17 ||   479
Block: Kite shield       |    39 |    63 |   195 |   427 |    20 ||   744
